 Dungeon Crawl Stone Soup version 0.24.0-125-gc4c63601f3 (webtiles) character file.

Game seed: 15089662652925439953, levelgen mode: deterministic

57 Curus the Slasher (level 3, -1/31 HPs)
             Began as a Draconian Berserker on Mar 2, 2020.
             Was a Believer of Trog.
             Slain by a gnoll
             ... wielding a +0 spear
              (10 damage)
             ... on level 2 of the Dungeon.
             The game lasted 00:03:30 (1116 turns).

Curus the Slasher (Draconian Berserker)             Turns: 1116, Time: 00:03:31

Health: -1/31      AC:  6    Str: 17    XL:     3   Next: 73%
Magic:  3/3        EV: 12    Int:  7    God:    Trog [**....]
Gold:   109        SH:  0    Dex:  9    Spells: 2/2 levels left

rFire    . . .     SeeInvis .   a - +0 falchion
rCold    . . .     Gourm    .   (no shield)
rNeg     . . .     Faith    .   (armour unavailable)
rPois    +         Spirit   .   (helmet restricted)
rElec    .         Reflect  .   e - +0 cloak
rCorr    .         Harm     .   (no gloves)
MR       .....                  (no boots)
Stlth    +.........             (no amulet)
HPRegen  0.10/turn              c - -2 ring of dexterity (curse)
MPRegen  0.08/turn              (no ring)

@: no status effects
A: unfitting armour, stinger 2, poison resistance, weak 1, cold-blooded, AC +5
a: Berserk, Trog's Hand, Renounce Religion


You were on level 2 of the Dungeon.
You worshipped Trog.
Trog was pleased with you.
You were not hungry.

You visited 1 branch of the dungeon, and saw 2 of its levels.

You collected 109 gold pieces.

Inventory:

Hand Weapons
 a - a +0 falchion (weapon)
Armour
 e - a +0 cloak (worn)
Jewellery
 c - a cursed -2 ring of dexterity (left hand)
Scrolls
 d - a scroll of fear
 g - a scroll of amnesia
Comestibles
 b - 6 rations


   Skills:
 - Level 3.2 Fighting
 + Level 4.7 Long Blades
 - Level 2.6 Dodging


You had 2 spell levels left.
You didn't know any spells.
Your spell library was empty.

Dungeon Overview and Level Annotations

Branches:
Dungeon (2/15)

Altars:


Innate Abilities, Weirdness & Mutations

Your plain brown scales are hard. (AC +5)
You cannot fit into any form of body armour.
You are cold-blooded and may be slowed by cold attacks.
Your tail ends in a sharp poisonous barb.
Your system is resistant to poisons. (rPois)
You are weak. (Str -2)


Message History

The gnoll is moderately wounded.
The gnoll hits you with a +0 whip. The gnoll barely misses you.
The gnoll hits you with a +0 whip.
You hit the gnoll.
Your tail-slap misses the gnoll.
The gnoll is heavily wounded.
The gnoll hits you from afar with a +0 spear!
The gnoll barely misses you.
You riposte.
You closely miss the gnoll.
The gnoll is heavily wounded.
You closely miss the gnoll.
The gnoll is heavily wounded.
The gnoll completely misses you. The gnoll closely misses you.
You riposte.
You hit the gnoll.
Your tail-slap misses the gnoll.
The gnoll is almost dead.
You hit the gnoll.
You kill the gnoll!
Trog accepts your kill.
The gnoll hits you from afar with a +0 spear.
* * * LOW HITPOINT WARNING * * *
The gnoll hits you from afar with a +0 spear!
You die...

#.###.#.###...#.# #.#.#
##.##.# # #.# ####.# #.#
#.# .#.#######.###
.#......รท.....
###.#########....
########................
..!ggg)@...########.....
########.#.# ######
#.#.# # #.#.# # #.#.# #
#.#.# # #.#.###### #
#........#### #
###........)# #


You could see 3 gnolls.

Vanquished Creatures
  A gnoll (D:2)
  An adder (D:2)
  A worm (D:2)
  A leopard gecko (D:2)
  An orc (D:2)
  A ball python (D:2)
  2 giant cockroaches (D:1)
  6 goblins
  A hobgoblin (D:1)
  4 jackals (D:1)
  4 kobolds (D:1)
  2 bats (D:1)
  3 frilled lizards
  6 rats
34 creatures vanquished.

Notes
Turn   | Place    | Note
-------+----------+-------------------------------------------
     0 | D:1      | Curus the Draconian Berserker began the quest for the Orb.
     0 | D:1      | Reached XP level 1. HP: 19/19 MP: 1/1
    99 | D:1      | Reached XP level 2. HP: 23/26 MP: 2/2
   460 | D:1      | Reached skill level 4 in Long Blades
   485 | D:1      | Reached ** piety under Trog
   747 | D:2      | Reached XP level 3. HP: 9/31 MP: 3/3
   920 | D:2      | Gained mutation: Your tail ends in a poisonous barb.
                  | [potion of mutation]
   920 | D:2      | Gained mutation: Your system is resistant to poisons.
                  | (rPois) [potion of mutation]
   920 | D:2      | Gained mutation: You are weak. (Str -2) [potion of
                  | mutation]
   920 | D:2      | Gained mutation: Your tail ends in a sharp poisonous barb.
                  | [potion of mutation]
  1116 | D:2      | Slain by a gnoll

Levels and vault maps discovered:
D:1:      minmay_arrival_arboretum_small, layout_basic
D:2:      layout_loops_ring

Skill      XL: |  1  2 |
---------------+-------+-----
Long Blades    | 4 |  4.7
Fighting       | |  3.2
Dodging        | |  2.6

Action                   || total
-------------------------++-------
Melee: Falchion          ||    98
       Tailslap          ||     5
Invok: Berserk           ||     1
       Trog's Hand       ||     1
  Use: Potion            ||     5
       Scroll            ||     3
 Stab: Sleeping          ||     1
  Eat: Chunk             ||     2
Armor: Skin              ||    33
Dodge: Dodged            ||    62
       Rpst.: Falchion   ||    18
